 Dungeon Crawl Stone Soup version 0.26-a0-466-g989023bd0d (webtiles) character file.

Game seed: 15276997644927736863

12776 wynaut the Fighter (level 11, -5/90 HPs)
             Began as an Octopode Fighter on Aug 9, 2020.
             Was an Initiate of Gozag.
             Slain by a seven-headed hydra simulacrum (18 damage)
             ... on level 1 of the Lair of Beasts on Aug 10, 2020.
             The game lasted 01:02:50 (11660 turns).

wynaut the Fighter (Octopode Fighter)              Turns: 11660, Time: 01:02:52

Health: -5/90      AC:  1    Str: 16    XL:     11   Next: 98%
Magic:  11/11      EV: 20    Int: 11    God:    Gozag
Gold:   560        SH: 10    Dex: 20    Spells: 10/10 levels left

rFire    + . .     SeeInvis +   s - +5 rapier (vamp)
rCold    + . .     Faith    .   b - +1 kite shield
rNeg     . . .     Spirit   .   (helmet restricted)
rPois    +         Reflect  .   v - amulet of regeneration
rElec    +         Harm     .   o - +4 ring of evasion
rCorr    +                      u - +6 ring of dexterity
MR       .....                  A - +4 ring of slaying
Stlth    +++++.....             D - ring of poison resistance
HPRegen  0.65/turn              x - +4 ring of evasion
MPRegen  0.12/turn              P - ring of see invisible
                                (no ring)
                                (no ring)

@: resistant, studying Evocations
A: almost no armour, stealthy swim, amphibious, 8 rings, constrict 8, camouflage
1, gelatinous body 1
a: Potion Petition, Call Merchant, Bribe Branch, Renounce Religion


You were on level 1 of the Lair of Beasts.
You worshipped Gozag.
Gozag was pleased with you.
You visited 4 branches of the dungeon, and saw 13 of its levels.
You also visited: Sewer and Bailey.

You collected 1664 gold pieces.
You spent 784 gold pieces at shops.
You paid 320 gold pieces to Gozag.

Inventory:

Hand Weapons
 a - a +1 rapier
 c - a +0 spear
 r - a +0 spear
 s - a +5 vampiric rapier (weapon)
 z - a cursed +0 long sword
 E - a cursed -2 scimitar
 I - a +0 spear
 O - the cursed +2 spear of Wyrd {drain, rN+ Str+3 Stlth+, unknown}
   (You found it on level 9 of the Dungeon)

   A truly terrible weapon, it drains the life of those it strikes.
   It affects your strength (+3).
   It protects you from negative energy.
   It makes you more stealthy.
   It has a curse placed upon it.
Missiles
 d - 382 stones
 g - 2 curare-tipped darts
 q - 7 poisoned darts (quivered)
Armour
 b - a +1 kite shield (worn)
Jewellery
 o - a +4 ring of evasion (left tentacle)
 u - a +6 ring of dexterity (right tentacle)
 v - an amulet of regeneration (around mantle)
 x - a +4 ring of evasion (on tentacle)
 A - a +4 ring of slaying (on tentacle)
 D - a ring of poison resistance (on tentacle)
 K - an uncursed amulet of the acrobat
 L - an uncursed amulet of faith
 P - a ring of see invisible (on tentacle)
Wands
 w - a wand of digging (8)
 G - a wand of enslavement (6)
 Q - a wand of paralysis (11)
 R - a wand of random effects (20)
Scrolls
 e - 2 scrolls of teleportation
 f - 4 scrolls of amnesia
 h - 6 scrolls of remove curse
 i - 2 scrolls of immolation
 j - 3 scrolls of magic mapping {unknown}
 p - a scroll of fear
 y - a scroll of noise {unknown}
 H - a scroll of enchant armour
 J - 5 scrolls of identify
 M - 2 scrolls of acquirement {unknown}
Potions
 k - 3 potions of might
 l - 2 potions of brilliance
 m - 4 potions of curing
 n - a potion of berserk rage {unknown}
 t - a potion of flight {unknown}
 B - a potion of mutation {unknown}
 C - a potion of haste
 F - a potion of invisibility
Books
 N - a manual of Evocations


   Skills:
 * Level 14.0 Fighting
 + Level 11.3 Short Blades
 - Level 3.0 Dodging
 - Level 7.1 Stealth
 - Level 3.0 Shields


You had 10 spell levels left.
You didn't know any spells.
Your spell library contained the following spells:

 Spells                   Type           Power        Failure   Level
 Animate Skeleton         Necr           #.....       86%         1
 Apportation              Tloc           #.....       86%         1
 Corona                   Hex            #......      86%         1
 Summon Small Mammal      Summ           #...         86%         1
 Cause Fear               Hex            #.........   100%        4
 Silence                  Hex/Air        #.........   100%        5
 Yara's Violent Unravell  Hex/Tmut       #.........   100%        5
 Chain Lightning          Conj/Air       #.........   100%        8
 Discord                  Hex            #.........   100%        8
 Lehudib's Crystal Spear  Conj/Erth      #.........   100%        8
 Absolute Zero            Ice            #.........   100%        9
 Fire Storm               Conj/Fire      #.........   100%        9


Dungeon Overview and Level Annotations

Branches:
Dungeon (10/15)            Temple (1/1) D:6            Lair (1/6) D:10
    Orc (1/2) D:9           Sewer (visited)          Bailey (visited)

Altars:
Ashenzari
Cheibriados
Dithmenos
Elyvilon
Fedhas
Gozag
Hepliaklqana
Kikubaaqudgha
Makhleb
Nemelex Xobeh
Okawaru
Qazlal
Ru
Sif Muna
Trog
Uskayaw
Vehumet
Wu Jian
Xom
Yredelemnul
Zin
The Shining One
Beogh

Shops:
D:4 (   D:5 !   D:9 (

Annotations:
D:8 1 runed translucent door
Lair:1 1 transporter


Innate Abilities, Weirdness & Mutations

You cannot wear most types of armour.
You are very stealthy in the water. (Stealth+)
You are amphibious.
You can wear up to eight rings at the same time.
You can use your tentacles to constrict eight enemies at once.
Your skin changes colour to match your surroundings (Stealth+).
Your rubbery body absorbs attacks. (AC +1, EV +1)


Message History

The seven-headed hydra simulacrum freezes you!
You resist.
You block the seven-headed hydra simulacrum's attack.
You impale the seven-headed hydra simulacrum!!
The seven-headed hydra simulacrum is severely damaged.
The bullfrog simulacrum hits you. The bullfrog simulacrum freezes you.
You resist.
You hit the seven-headed hydra simulacrum.
The seven-headed hydra simulacrum is almost destroyed.
You block the seven-headed hydra simulacrum's attack.
The seven-headed hydra simulacrum bites you!
The seven-headed hydra simulacrum freezes you!
You resist.
* * * LOW HITPOINT WARNING * * *
The seven-headed hydra simulacrum bites you!
* * * LOW HITPOINT WARNING * * *
The seven-headed hydra simulacrum freezes you!!
You resist.
You die...
Your body crumbles into a pile of gold.

...........#○°☼$©Z°○○#.......##
#..........#°°○!:[☼○°#.......P#
.#.........#○°☼°○°°○Z#.......##
##.........#°°○○○°°○○#........#
##.......(.#.○°○ZZ○.○#.......##
#..........####☼Z○####.......#
............#☼....○○#........#
............#○°#Z#°☼#........##
............#○°.@Z○°#.........#
............#°°#©#☼○#........##
............#°°○°☼°°#.........#
............#.○°○°°°#........##
#...........#########........P#
#...............©............##
#............................#
#............................#
....>........................#


You could see a porcupine simulacrum, a seven-headed hydra simulacrum, a dire
elephant simulacrum, a bullfrog simulacrum and a wolf spider simulacrum.

Vanquished Creatures
  2 two-headed ogres
  A centaur warrior (D:9)
  Pikel (D:8)
  An orc knight (Bailey)
  Joseph (Lair:1)
  A gargoyle (D:8)
  A rime drake (Lair:1)
  4 cane toads (Lair:1)
  A hornet (D:8)
  Prince Ribbit (D:7)
  A hippogriff (Lair:1)
  Sigmund (D:2)
  A spriggan (D:9)
  2 wyverns (D:9)
  A basilisk (Lair:1)
  4 yaks (Lair:1)
  A hydra simulacrum (Lair:1)
  3 porcupines
  Duvessa (D:7)
  2 ice beasts (D:9)
  13 orc warriors
  A necrophage (D:6)
  3 ogres
  4 centaurs
  3 lemures (D:8)
  8 big kobolds
  8 bullfrogs
  A gnoll sergeant (D:7)
  Dowan (D:7)
  5 scorpions
  6 killer bees
  5 wights (D:7)
  3 howler monkeys (D:7)
  2 centaur zombies (D:5)
  2 hounds
  7 orc priests
  5 orc wizards
  4 jellies
  2 iguanas
  Terence (D:2)
  9 worker ants
  Natasha (twice) (D:2)
  A worker ant zombie (D:5)
  A howler monkey zombie (D:8)
  14 gnolls
  15 adders
  4 river rats (Sewer)
  2 shadow imps
  A white imp (D:5)
  6 oozes
  2 adder zombies
  5 worms
  4 dart slugs
  6 leopard geckos
  36 orcs
  6 bats
  11 giant cockroaches
  4 goblins
  2 hobgoblins (D:1)
  10 jackals
  21 kobolds
  3 quokkas
  4 ball pythons
  4 frilled lizards
  A quokka skeleton (D:4)
  9 rats
  4 butterflies (D:8)
302 creatures vanquished.

Notes
Turn   | Place    | Note
-------+----------+-------------------------------------------
     0 | D:1      | wynaut the Octopode Fighter began the quest for the Orb.
     0 | D:1      | Reached XP level 1. HP: 16/16 MP: 1/1
    92 | D:1      | Reached skill level 1 in Stealth
   177 | D:1      | Reached XP level 2. HP: 21/21 MP: 2/2
   571 | D:1      | Reached XP level 3. HP: 26/26 MP: 3/3
   770 | D:2      | Noticed Sigmund
   779 | D:2      | Killed Sigmund
   779 | D:2      | Reached skill level 5 in Stealth
   779 | D:2      | Reached XP level 4. HP: 16/31 MP: 4/4
   779 | D:2      | Reached XP level 5. HP: 19/36 MP: 5/5
  1089 | D:2      | Found a faded altar of an unknown god.
  1203 | D:2      | Noticed Terence
  1204 | D:2      | Reached XP level 6. HP: 34/42 MP: 6/6
  1210 | D:2      | Killed Terence
  1330 | D:2      | Noticed Natasha
  1336 | D:2      | Killed Natasha
  1441 | D:2      | Noticed Natasha
  1447 | D:2      | Killed Natasha
  1564 | D:2      | Reached skill level 5 in Short Blades
  1804 | D:3      | Found a glowing drain.
  1867 | Sewer    | Entered a sewer
  2049 | Sewer    | Reached XP level 7. HP: 46/46 MP: 7/7
  2209 | Sewer    | Reached skill level 4 in Fighting
  2633 | Sewer    | Reached XP level 8. HP: 54/54 MP: 8/8
  2670 | Sewer    | Reached skill level 5 in Fighting
  3853 | D:4      | Reached skill level 6 in Fighting
  4151 | D:4      | Found a snail-covered altar of Cheibriados.
  4564 | D:4      | Found Jiafa's Weapon Emporium.
  4667 | D:5      | Entered Level 5 of the Dungeon
  4957 | D:5      | Found Zuguhoqug's Distillery.
  4963 | D:5      | Bought a potion of invisibility for 80 gold pieces
  4963 | D:5      | Bought a potion of heal wounds for 50 gold pieces
  4963 | D:5      | Bought a potion of curing for 30 gold pieces
  5070 | D:5      | Reached skill level 7 in Fighting
  5512 | D:6      | Reached XP level 9. HP: 64/64 MP: 9/9
  5598 | D:6      | Found a staircase to the Ecumenical Temple.
  5741 | Temple   | Entered the Ecumenical Temple
  6358 | Temple   | Became a worshipper of Gozag Ym Sagoz the Greedy
  6402 | D:6      | Reached skill level 8 in Fighting
  6983 | D:7      | Noticed Dowan
  7008 | D:7      | Noticed Duvessa
  7020 | D:7      | Killed Duvessa
  7027 | D:7      | Noticed Prince Ribbit
  7028 | D:7      | Reached skill level 9 in Fighting
  7044 | D:7      | Killed Dowan
  7052 | D:7      | Killed Prince Ribbit
  7507 | D:7      | Reached skill level 10 in Fighting
  7627 | D:7      | Reached XP level 10. HP: 76/76 MP: 10/10
  7876 | D:8      | Noticed a gargoyle
  7894 | D:8      | Killed a gargoyle
  7996 | D:8      | Found a runed translucent door.
  7998 | D:8      | Found a runed translucent door.
  8079 | D:8      | Noticed a two-headed ogre
  8081 | D:8      | Found a flagged portal.
  8088 | Bailey   | Entered a bailey
  8236 | Bailey   | Reached skill level 11 in Fighting
  8306 | Bailey   | Noticed an orc knight
  8342 | Bailey   | Killed an orc knight
  8347 | Bailey   | HP: 2/79 [orc warrior/+0 halberd (19)]
  8765 | D:8      | Killed a two-headed ogre
  8795 | D:8      | Reached skill level 10 in Short Blades
  8958 | D:8      | Reached skill level 12 in Fighting
  9075 | D:8      | Noticed Pikel
  9255 | D:8      | Reached XP level 11. HP: 85/85 MP: 11/11
  9266 | D:8      | Killed Pikel
  9413 | D:9      | Found a staircase to the Orcish Mines.
  9430 | D:9      | Found a roughly hewn altar of Beogh.
  9945 | D:9      | Noticed a centaur warrior
  9960 | D:9      | Killed a centaur warrior
 10109 | D:9      | Found Jocw's Weapon Emporium.
 10121 | D:9      | Bought a +5 vampiric rapier for 624 gold pieces
 10182 | D:9      | Got a warped spear
 10537 | D:9      | Reached skill level 13 in Fighting
 10544 | D:9      | Found a basalt altar of Yredelemnul.
 10572 | D:9      | Noticed a two-headed ogre
 10584 | D:9      | Killed a two-headed ogre
 10725 | Orc:1    | Entered Level 1 of the Orcish Mines
 10756 | D:10     | Entered Level 10 of the Dungeon
 10762 | D:10     | Found a shadowy altar of Dithmenos.
 10845 | D:10     | Found a staircase to the Lair.
 10869 | Lair:1   | Entered Level 1 of the Lair of Beasts
 11179 | Lair:1   | Found a transporter.
 11219 | Lair:1   | Noticed Joseph
 11222 | Lair:1   | Found a transporter.
 11228 | Lair:1   | Killed Joseph
 11279 | Lair:1   | Reached skill level 14 in Fighting
 11660 | Lair:1   | Slain by a seven-headed hydra simulacrum

Illustrated notes

Levels and vault maps discovered:
D:1:      zaba_arrival_water, layout_basic, serial_bayou_lake_a
D:2:      layout_loops_ring, chequers_ecumenical_altar_simple, uniq_natasha,
          uniq_terence, uniq_sigmund
D:3:      layout_loops_ring, gup_sewer_entry_glass
D:4:      layout_cave_pods, serial_shops, shop, cheibriados_altar_1
D:5:      layout_cave_pods, serial_shops, shop
D:6:      layout_basic, minmay_temple_entry_glass
D:7:      layout_loops_ring, uniq_duvessa, uniq_prince_ribbit1
D:8:      lemuel_insect_pit, layout_cave_pools, enter_bailey_2, uniq_pikel
D:9:      layout_basic, lemuel_coloured_pillars_altar,
          minmay_orc_entry_temple_small, serial_shops, shop, the_bakery
D:10:     layout_roguey, grunt_lair_entry_orc_guard_hut, basic_altar,
          minivault_20, nicolae_dithmenos_shadow_blocks
Temple:   nicolae_temple_the_god_donut
Lair:1:   gammafunk_cloud_chamber, layout_regular_city, minmay_holes,
          uniq_joseph
Orc:1:    layout_caves, serial_shops, shop

Skill      XL: |  1  2  3  4  5  6  7  8  9 10 11 |
---------------+----------------------------------+-----
Stealth        | 1 2 5 7 |  7.1
Short Blades   | 4 5 6 7 8 10 11 | 11.3
Fighting       | 4 7 10 12 14 | 14.0
Dodging        | |  3.0
Shields        | |  3.0

Action                   |  1- 3 |  4- 6 |  7- 9 | 10-12 || total
-------------------------+-------+-------+-------+-------++-------
Melee: Rapier            |    33 |    80 |   255 |   271 ||   639
       Tentacles         |    10 |    19 |    64 |    70 ||   163
       Constrict         |     7 |    20 |    64 |    47 ||   138
Throw: Stone             |     9 |     4 |    12 |       ||    25
       Dart              |       |       |     9 |    24 ||    33
       Throwing net      |       |       |       |     1 ||     1
Invok: Potion Petition   |       |       |     1 |     1 ||     2
Evoke: Wand              |       |       |       |     1 ||     1
  Use: Scroll            |     1 |     4 |     9 |     6 ||    20
       Potion            |       |     1 |     4 |     4 ||     9
 Stab: Sleeping          |     4 |    15 |    35 |    35 ||    89
       Distracted        |       |       |     3 |     5 ||     8
       Held in net/web   |       |       |       |     3 ||     3
       Fleeing           |       |       |       |     1 ||     1
Armor: Skin              |     2 |     3 |     2 |     1 ||     8
Dodge: Dodged            |    12 |    22 |    69 |    96 ||   199
Block: Kite shield       |    14 |    20 |    70 |   107 ||   211

Table legend: (Time is in decaauts)
 A = Elapsed time spent in this place.
 B = Non-inter-level travel time spent in this place.
 C = Inter-level travel time spent in this place.
 D = Time resting spent in this place.
 E = Time spent auto-exploring this place.
 F = Levels seen in this place.
 G = Mean time per level.
                   A        B        C        D        E       F      G
               +--------+--------+--------+--------+--------+-----+--------+
         Total |  11588 |  11328 |    260 |   1482 |   6372 |  15 |  772.5 |
       Dungeon |   8491 |   8258 |    233 |   1023 |   4890 |  10 |  849.1 |
        Temple |    629 |    602 |     27 |      0 |    570 |   1 |  629.0 |
          Lair |    774 |    774 |      0 |     47 |    413 |   1 |  774.0 |
  Orcish Mines |     10 |     10 |      0 |      0 |      0 |   1 |   10.0 |
         Sewer |   1048 |   1048 |      0 |    293 |    435 |   1 | 1048.0 |
        Bailey |    634 |    634 |      0 |    118 |     64 |   1 |  634.0 |
               +--------+--------+--------+--------+--------+-----+--------+

Top non-repeatable levels by time:
     D:9: 1334 daAuts
   Sewer: 1048 daAuts
     D:4: 1042 daAuts
     D:6: 983 daAuts
     D:2: 975 daAuts
     D:7: 948 daAuts
     D:3: 867 daAuts
     D:8: 785 daAuts
  Lair:1: 774 daAuts
     D:1: 755 daAuts
     D:5: 688 daAuts
  Bailey: 634 daAuts
  Temple: 629 daAuts
    D:10: 110 daAuts
   Orc:1: 10 daAuts
